 Dungeon Crawl Stone Soup version 0.30-a0-928-g7f6bbad527 (webtiles) character file.

Game seed: 3495190182833477168

116 112233 the Magician (level 4, -5/24 HPs)
             Began as a Deep Elf Fire Elementalist on Mar 23, 2023.
             Slain by Duvessa
             ... wielding a +0 rapier
              (14 damage)
             ... on level 5 of the Dungeon.
             The game lasted 00:01:29 (2383 turns).

112233 the Magician (Deep Elf Fire Elementalist)    Turns: 2383, Time: 00:01:30

Health: -5/24      AC:  3    Str:  5    XL:     4   Next: 69%
Magic:  10/12      EV: 12    Int: 22    God:
Gold:   118        SH:  0    Dex: 15    Spells: 7/12 levels left

rFire   . . .      SeeInvis .    (no weapon)
rCold   . . .      Faith    .    (no shield)
rNeg    . . .      Spirit   .    a - +0 robe
rPois   .          Reflect  .    (no helmet)
rElec   .          Rampage  .    (no cloak)
rCorr   .                        g - +0 pair of gloves
Will    .....                    (no boots)
Stlth   ++                       (no amulet)
HPRegen 0.24/turn                (no ring)
MPRegen 0.13/turn                (no ring)

@: no status effects
A: no striking features
a: no special abilities


You were on level 5 of the Dungeon.
You visited 1 branch of the dungeon, and saw 5 of its levels.

You collected 118 gold pieces.

Inventory:

Armour
 a - a +0 robe (worn)
 g - a +0 pair of gloves (worn)
Jewellery
 m - a +6 ring of intelligence
Scrolls
 b - a scroll of enchant weapon {unknown}
 e - a scroll of blinking {unknown}
 h - a scroll of brand weapon {unknown}
 i - a scroll of identify {unknown}
 l - a scroll of silence {unknown}
 n - a scroll of butterflies {unknown}
Potions
 c - a potion of heal wounds
 d - 2 potions of curing {unknown}
 f - 2 potions of brilliance {unknown}
 j - a potion of attraction {unknown}
 k - 2 potions of invisibility {unknown}


   Skills:
 - Level 2.6 Dodging
 - Level 2.7 Stealth
 + Level 4.9 Spellcasting
 - Level 1.4 Conjurations
 + Level 4.6 Fire Magic


You had 7 spell levels left.
You knew the following spells:

 Your Spells              Type           Power      Damage    Failure   Level
a - Foxfire               Conj/Fire      72%        2x1d7     3%          1
b - Scorch                Fire           52%        2d7       2%          2
c - Poisonous Vapours     Pois/Air       10%        N/A       16%         2

Your spell library contained the following spells:

 Spells                   Type           Power      Damage    Failure   Level
 Inner Flame              Hex/Fire       15%        N/A       12%         3
 Cigotuvi's Dreadful Rot  Necr/Pois/Air  10%        N/A       16%         2
 Kindle Blastsparks       Fire/Tloc/Air  24%        2d12      16%         3
 Mephitic Cloud           Conj/Pois/Air  7%         N/A       26%         3
 Flame Wave               Conj/Fire      18%        2d7       28%         4


Dungeon Overview and Level Annotations

Branches:
Dungeon (6/15)
 Temple: D:4-7

Altars:

Annotations:
D:3 3 runed translucent doors
D:5 Dowan, Duvessa


Message History

The hound misses you. x2
Casting: Foxfire (safe; 3% risk of failure)
Confirm with . or Enter, or press ? or * to list all spells.
Flames lash the hound.
The hound is almost dead.
The hound's fire resistance burns away.
You hear a shout!
The hound barely misses you. The hound bites you. The hound barely misses you.
Duvessa, Sister of Dowan comes into view.
She is wielding a +0 rapier.
The hound bites you.
You climb downwards.
There is a stone staircase leading up here.
Unknown command.
Casting: Scorch (safe; 2% risk of failure)
Confirm with . or Enter, or press ? or * to list all spells.
Flames lash the hound.
The hound is burned terribly!
You kill the hound!
You start resting.
HP restored.
You start resting.
Magic restored.
You can't go down here!
You climb upwards.
You hear the sound of rushing water.
There is an entrance to a sewer on this level.
Hurry and find it before the portal rusts away!
Level annotation: Dowan, Duvessa Dowan points at Duvessa and mumbles some strange words.
Duvessa seems to speed up.
There is a stone staircase leading down here.
Casting: Scorch (safe; 2% risk of failure)
Confirm with . or Enter, or press ? or * to list all spells.
Flames lash Duvessa.
Duvessa is lightly wounded.
Duvessa's fire resistance burns away.
Duvessa hits you with a +0 rapier! x2
Duvessa hits you but does no damage.
Unknown command.
Duvessa hits you with a +0 rapier!
Ouch! That really hurt!
You die...

# .#
#.#######.#
##.......$#.###
#.[....@e...e..
..#########.#..


You could see Duvessa (fast, combustible) and Dowan.

Vanquished Creatures
  A hound (D:6)
  A jelly (D:6)
  A gnoll (D:2)
  A dart slug (D:2)
  4 orcs (D:3)
  A ball python (D:2)
  2 bats
  8 endoplasms
  2 giant cockroaches
  3 goblins (D:1)
  3 hobgoblins
  A quokka (D:1)
  A frilled lizard (D:2)
  2 kobolds (D:1)
  5 rats
36 creatures vanquished.

Vanquished Creatures (others)
  174 foxfires
  10 toadstools (D:3)
184 creatures vanquished.

Grand Total: 220 creatures vanquished

Notes
Turn   | Place    | Note
-------+----------+-------------------------------------------
     0 | D:1      | 112233 the Deep Elf Fire Elementalist began the quest for
                  | the Orb.
     0 | D:1      | Reached XP level 1. HP: 10/10 MP: 6/6
   380 | D:1      | Reached XP level 2. HP: 15/15 MP: 5/8
  1492 | D:2      | Learned a level 2 spell: Scorch
  1533 | D:2      | Reached XP level 3. HP: 19/19 MP: 8/10
  1879 | D:3      | Found a runed translucent gate.
  1879 | D:3      | Found a runed translucent gate.
  1879 | D:3      | Found a runed translucent gate.
  2112 | D:3      | You fall into a shaft and drop 3 floors!
  2126 | D:6      | Noticed a black bear
  2154 | D:6      | Reached XP level 4. HP: 24/24 MP: 5/12
  2237 | D:6      | Learned a level 2 spell: Poisonous Vapours
  2340 | D:5      | Entered Level 5 of the Dungeon
  2340 | D:5      | Noticed Dowan
  2344 | D:5      | Noticed Duvessa
  2383 | D:5      | Slain by Duvessa

Illustrated notes

Levels and vault maps discovered:
D:1:      onia_arrival_mini_spirals, layout_loops_cross
D:2:      layout_rooms, hangedman_decor_slide_cut, hangedman_decor_lopped,
          minmay_tree_intersection
D:3:      cheibrodos_fertilizer, layout_loops_corners,
          mainiacjoe_overflow_big_doors, gammafunk_ghost_cemetery, serial_shops,
          shop
D:5:      layout_loops_ring, minmay_temple_entry_poolview, portal_sewer_entry_f,
          dk_vineyard_2, hangedman_abyss_or_decor_passed, uniq_duvessa,
          uniq_edmund, uniq_blork_the_orc
D:6:      layout_loops_ring, minmay_fractal_squares_5

Skill      XL: |  1  2  3 |
---------------+----------+-----
Spellcasting   | 4 |  4.9
Fire Magic     | 4 |  4.6
Dodging        | |  2.6
Stealth        | |  2.7
Conjurations   | |  1.4

Action                     |  1- 3 |  4- 6 || total
---------------------------+-------+-------++-------
   Cast: Foxfire           |   107 |     1 ||   108
         Scorch            |    10 |     3 ||    13
    Use: Potion            |     2 |       ||     2
         Scroll            |     1 |       ||     1
 Armour: Robe              |     6 |     2 ||     8
  Dodge: Dodged            |    13 |     4 ||    17

Table legend: (Time is in decaauts)
 A = Elapsed time spent in this place.
 B = Non-inter-level travel time spent in this place.
 C = Inter-level travel time spent in this place.
 D = Time resting spent in this place.
 E = Time spent auto-exploring this place.
 F = Levels seen in this place.
 G = Mean time per level.
                   A        B        C        D        E       F      G
               +--------+--------+--------+--------+--------+-----+--------+
         Total |   2383 |   2281 |    102 |     65 |   1863 |   5 |  476.6 |
       Dungeon |   2383 |   2281 |    102 |     65 |   1863 |   5 |  476.6 |
               +--------+--------+--------+--------+--------+-----+--------+

Top non-repeatable levels by time:
     D:1: 1056 daAuts
     D:2: 629 daAuts
     D:3: 425 daAuts
     D:6: 262 daAuts
     D:5: 9 daAuts
